 Dungeon Crawl Stone Soup version 0.31-a0-192-ga50d7bf3bb (webtiles) character file.

Game seed: 15052313711018466921

245 qw the Skirmisher (level 5, -4/30 HPs)
             Began as a Deep Elf Hunter on June 23, 2023.
             Killed by nerve-wracking pain
             ... invoked by an orc priest
              (8 damage)
             ... on level 3 of the Dungeon.
             The game lasted 00:00:59 (2345 turns).

qw the Skirmisher (Deep Elf Hunter)                 Turns: 2345, Time: 00:01:00

Health: -4/30      AC:  7    Str: 10    XL:     5   Next: 84%
Magic:  7/7        EV: 16    Int: 17    God:
Gold:   123        SH:  0    Dex: 20    Spells: 4/4 levels left

rFire   . . .        Y - +0 shortbow
rCold   + . .        (shield currently unavailable)
rNeg    . . .        i - +0 ring mail
rPois   +            g - +0 helmet
rElec   .            f - +0 cloak
rCorr   .            (no gloves)
SInv    .            (no boots)
Will    .....        (no amulet)
Stlth   +            c - ring "Peiprooc" {rC+ EV+5 Str+2 Int+3}
HPRegen 0.25/turn    j - ring of poison resistance
MPRegen 0.10/turn

%: no passive effects
@: about to teleport
A: no striking features
a: no special abilities


You were on level 3 of the Dungeon.
You visited 1 branch of the dungeon, and saw 3 of its levels.

You collected 243 gold pieces.
You spent 120 gold pieces at shops.


   Skills:
 - Level 2.0 Fighting
 - Level 9.0 Ranged Weapons
 + Level 0.3 Armour
 - Level 3.0 Dodging
 - Level 1.2 Stealth


You had 4 spell levels left.
You didn't know any spells.
Your spell library was empty.

Inventory:

Hand Weapons
 Y - a +0 shortbow (weapon)
Armour
 b - a +0 robe of fire resistance
 f - a +0 cloak (worn)
 g - a +0 helmet (worn)
 i - a +0 ring mail (worn)
Jewellery
 a - a +6 ring of strength
 c - the ring "Peiprooc" (left hand) {rC+ EV+5 Str+2 Int+3}
   (You found it on level 2 of the Dungeon)

   [ring of evasion]

   EV:        It affects your evasion (+5).
   Str:       It affects your strength (+2).
   Int:       It affects your intelligence (+3).
   rC:        It protects you from cold.
 j - a ring of poison resistance (right hand)
Scrolls
 e - a scroll of fog {unknown}
 h - 2 scrolls of identify
 k - a scroll of teleportation
 l - 2 scrolls of enchant weapon {unknown}
 m - a scroll of amnesia {unknown}
 n - a scroll of torment {unknown}
 o - a scroll of vulnerability {unknown}
Potions
 d - a potion of lignification {unknown}
 p - a potion of heal wounds {unknown}

Dungeon Overview and Level Annotations

Branches:
Dungeon (3/15)

Altars:

Shops:
D:3 *:[


Message History

Something hits you but does no damage.
You shoot an arrow.
You hear some strange, mumbled words.
Something tries to affect you, but you resist.
You feel less confused. Something barely misses you.
2337 ||| STILL FLEEEEING.
You shoot an arrow.
The arrow closely misses the orc priest.
Something barely misses you.
You shoot an arrow. The arrow hits the orc priest.
The orc priest is lightly wounded.
Something barely misses you.
You shoot an arrow. The arrow barely misses the orc priest.
Something hits you but does no damage.
You shoot an arrow. The arrow hits the orc priest.
The orc priest is moderately wounded.
Something hits you but does no damage.
The orc priest hits you with a +0 dagger.
You shoot an arrow.
The arrow closely misses the orc priest.
You hear some strange, mumbled words.
A magic dart appears from out of thin air!
The magic dart hits you. The orc priest misses you.
You shoot an arrow.
The arrow closely misses the orc priest.
Something hits you.
The orc priest hits you but does no damage.
Something hits you but does no damage.
The orc priest hits you with a +0 dagger.
2344 ||| READING 2 scrolls of teleportation.
As you read the scroll of teleportation, it crumbles to dust.
You feel strangely unstable. Something hits you but does no damage.
The orc priest hits you but does no damage.
You shoot an arrow. The arrow hits the orc priest!
The orc priest is severely wounded.
The orc priest calls down the wrath of Beogh upon you.
Pain shoots through your body!
You die...

####...####..........+...........
#.........##.........####...#.###
####..)####.........## ##.##.#
.#.##%##.#..##.....## ####.#
....'.#..%.####...## #)#
##.##.##.### ##'## ..# #..###..#
#.# ### ##..#..## #.# ##...##
##@########## #...#
##.o{#.....o.#.# ##..#
#......##.)....# ##.#
#####...#.##)##.### #..
...........).# # ####
#########.#### #.......#
#########


You could see an orc priest.

Vanquished Creatures
  A scorpion (D:3)
  An orc priest (D:3)
  An orc wizard (D:3)
  5 adders
  3 worms
  A dart slug (D:1)
  11 orcs (D:3)
  3 ball pythons
  3 bats
  6 endoplasms
  3 giant cockroaches
  6 goblins
  4 hobgoblins
  4 quokkas
  5 frilled lizards
  7 kobolds
  2 rats
66 creatures vanquished.

Notes
Turn   | Place    | Note
-------+----------+-------------------------------------------
     0 | D:1      | qw the Deep Elf Hunter began the quest for the Orb.
     0 | D:1      | Reached XP level 1. HP: 12/12 MP: 3/3
     0 | D:1      | 0 ||| qw: Version: 0.3-a-9-g12657ce
     0 | D:1      | 0 ||| qw: Game counter: 4579
     0 | D:1      | 0 ||| qw: Always use a shield: true
     0 | D:1      | 0 ||| qw: God list: Okawaru
     0 | D:1      | 0 ||| qw: Allow faded altars: false
     0 | D:1      | 0 ||| qw: Do Orc after D:15 true
     0 | D:1      | 0 ||| qw: Do second Lair branch before Depths: true
     0 | D:1      | 0 ||| qw: Lair rune preference: random
     0 | D:1      | 0 ||| qw: Plans: Normal
     0 | D:1      | 0 ||| PLANNING D:1-11
     3 | D:1      | Noticed an electric eel
     4 | D:1      | Noticed an electric eel
   165 | D:1      | Reached XP level 2. HP: 16/16 MP: 4/4
   167 | D:1      | Reached skill level 6 in Ranged Weapons
   685 | D:1      | 685 ||| UPGRADING to +0 cloak.
   690 | D:1      | 690 ||| UPGRADING to +0 helmet.
   695 | D:1      | 695 ||| UPGRADING to +0 ring mail.
   705 | D:1      | 705 ||| DROPPING +0 leather armour.
   706 | D:1      | 706 ||| UPGRADING to ring of poison resistance.
   707 | D:1      | 707 ||| UPGRADING to +6 ring of strength.
   708 | D:1      | 708 ||| READING scroll labelled ASIUCE BIBY.
   709 | D:1      | 709 ||| DROPPING scroll of butterflies.
   797 | D:2      | Reached XP level 3. HP: 20/20 MP: 5/5
   837 | D:2      | Found a faded altar of an unknown god.
   992 | D:2      | Reached skill level 7 in Ranged Weapons
   994 | D:2      | 994 ||| FLEEEEING.
   996 | D:2      | 996 ||| FLEEEEING.
  1274 | D:2      | Identified the ring "Peiprooc" {rC+ EV+5 Str+2 Int+3}
  1293 | D:2      | Reached XP level 4. HP: 25/25 MP: 6/6
  1484 | D:2      | 1484 ||| UPGRADING to ring "Peiprooc" {rC+ EV+5 Str+2
                  | Int+3}.
  1486 | D:2      | 1486 ||| UPGRADING to ring of poison resistance.
  1488 | D:2      | 1488 ||| READING scroll labelled NATZIE ICYINT.
  1506 | D:3      | 1506 ||| PLANNING SEWER
  1539 | D:3      | Found Afeumov's General Store.
  1548 | D:3      | 1548 ||| BUYING potion of curing (36 gold).
  1548 | D:3      | Bought a potion of curing for 36 gold pieces
  1548 | D:3      | 1548 ||| BUYING scroll of identify (24 gold).
  1548 | D:3      | Bought a scroll of identify for 24 gold pieces
  1548 | D:3      | 1548 ||| BUYING scroll of identify (24 gold).
  1548 | D:3      | Bought a scroll of identify for 24 gold pieces
  1548 | D:3      | 1548 ||| BUYING scroll of teleportation (36 gold).
  1548 | D:3      | Bought a scroll of teleportation for 36 gold pieces
  1558 | D:3      | Reached skill level 8 in Ranged Weapons
  1565 | D:3      | 1565 ||| DRINKING potion of curing.
  1565 | D:3      | 1565 ||| (to cure confusion)
  1644 | D:3      | Noticed a scorpion
  1662 | D:3      | Killed a scorpion
  1663 | D:3      | Reached XP level 5. HP: 12/26 MP: 7/7
  1665 | D:3      | Reached skill level 9 in Ranged Weapons
  1783 | D:3      | Found Folatoeg's Armour Shop.
  1788 | D:3      | 1788 ||| SHOPLISTING +3 salamander hide armour {Flames,
                  | rFlCloud rF++ rC--} (379 gold, have 64).
  1805 | D:3      | Found Igock's Book Emporium.
  2152 | D:3      | Reached skill level 3 in Dodging
  2291 | D:3      | 2291 ||| RIP SEWER
  2305 | D:3      | 2305 ||| PLANNING D:1-11
  2326 | D:3      | 2326 ||| FLEEEEING.
  2327 | D:3      | 2327 ||| FLEEEEING.
  2328 | D:3      | 2328 ||| FLEEEEING.
  2329 | D:3      | 2329 ||| FLEEEEING.
  2330 | D:3      | 2330 ||| FLEEEEING.
  2343 | D:3      | HP: 4/30 [orc priest/+0 dagger (4)]
  2344 | D:3      | 2344 ||| READING 2 scrolls of teleportation.
  2345 | D:3      | Killed from afar by an orc priest

Levels and vault maps discovered:
D:1:      arrival_aquarium_b, layout_basic, chequers_avenue
D:2:      minmay_diamond_boxcup, layout_loops_ring,
          chequers_ecumenical_altar_island, minmay_domino_2
D:3:      layout_loops_corners, gup_sewer_entry_pipe, serial_shops, shop,
          nicolae_shop_back_alley_shop, nicolae_shop_advertising_works
          [nicolae_subvault_shop_adworks], ebering_dispersal_statue_hall,
          minmay_fractal_squares_gapless_5

Skill      XL: |  1  2  3  4  5 |
---------------+----------------+-----
Ranged Weapons | 6 7 8 9 |  9.0
Fighting       | 2 |  2.0
Dodging        | 3 |  3.0
Armour         | |  0.3
Stealth        | |  1.2

Action                     |  1- 3 |  4- 6 || total
---------------------------+-------+-------++-------
   Fire: Shortbow          |   125 |   126 ||   251
    Use: Scroll            |     1 |     2 ||     3
         Potion            |       |     1 ||     1
 Armour: Leather armour    |     8 |       ||     8
         Ring mail         |    25 |    34 ||    59
  Dodge: Dodged            |    29 |    57 ||    86

Table legend:
 A = Non-vault XP
 B = Vault XP
 C = Vault XP percentage of total XP
 D = Non-vault monster count
 E = Vault monster count
 F = Vault count percentage of total count
                 A         B        C        D         E       F
            +---------+---------+-------+---------+---------+-------
      Total |     276 |      75 |  21.4 |      51 |      15 |  22.7
            +---------+---------+-------+---------+---------+-------
        D:1 |      37 |       0 |   0.0 |      21 |       0 |   0.0
        D:2 |      14 |      46 |  76.7 |       6 |      11 |  64.7
        D:3 |     225 |      29 |  11.4 |      24 |       4 |  14.3
            +---------+---------+-------+---------+---------+-------
